 Dungeon Crawl Stone Soup version 0.22.1-1-ga44c0e5 (webtiles) character file.

126 Fang the Skirmisher (level 5, -1/33 HPs)
             Began as a Gargoyle Berserker on Oct 23, 2018.
             Was a Believer of Trog.
             Slain by a goblin
             ... wielding a +0 dagger
             ... led by Robin
              (4 damage)
             ... on level 3 of the Dungeon.
             The game lasted 00:02:07 (1366 turns).

Fang the Skirmisher (Gargoyle Berserker)            Turns: 1366, Time: 00:02:08

Health: -1/33      AC:  6    Str: 21    XL:     5   Next: 10%
Magic:  14/14      EV: 12    Int:  8    God:    Trog [**....]
Gold:   94         SH:  0    Dex:  9    Spells: 4/4 levels left

rFire    . . .     SeeInvis +   a - +0 hand axe
rCold    . . .     Gourm    .   (no shield)
rNeg     + . .     Faith    .   b - +0 animal skin
rPois    ∞         Spirit   .   (no helmet)
rElec    +         Reflect  .   (no cloak)
rCorr    .         Harm     .   (no gloves)
MR       .....                  (no boots)
Stlth    +.........             (no amulet)
HPRegen  0.11/turn              g - ring of see invisible
MPRegen  0.14/turn              m - ring of magical power

@: berserk cooldown, slowed, very slow
A: negative energy resistance 1, electricity resistance, unbreathing,
petrification resistance, rot immunity, AC +4
a: Berserk, Trog's Hand, Renounce Religion


You were on level 3 of the Dungeon.
You worshipped Trog.
Trog was pleased with you.
You were near starving.

You visited 1 branch of the dungeon, and saw 3 of its levels.

You collected 94 gold pieces.

Inventory:

Hand Weapons
 a - a +0 hand axe (weapon)
Armour
 b - a +0 animal skin (worn)
Jewellery
 g - a ring of see invisible (left hand)
 m - a ring of magical power (right hand)
Wands
 j - a wand of acid (6)
Scrolls
 f - a scroll of remove curse {unknown}
 h - a scroll of identify {unknown}
 i - a scroll of fear {unknown}
 l - a scroll of random uselessness {unknown}
 n - a scroll of magic mapping {unknown}
Potions
 d - 3 potions of magic {unknown}
 e - 2 potions of invisibility {unknown}
 k - a potion of might {unknown}
Comestibles
 c - 5 rations


   Skills:
 + Level 4.1 Fighting
 + Level 4.1 Axes
 + Level 2.4 Armour
 + Level 2.2 Dodging
 + Level 0.6 Stealth


You had 4 spell levels left.
You didn't know any spells.
Your spell library was empty.

Dungeon Overview and Level Annotations

Branches:
Dungeon (3/15)

Altars:
Yredelemnul

Annotations:
D:3 Robin


Innate Abilities, Weirdness & Mutations

You are resistant to torment.
Your stone body is resilient. (AC +4)
You are immune to poison.
You resist negative energy. (rN+)
You are resistant to electric shocks. (rElec)
You can survive without breathing.
You are immune to petrification.
You are immune to rotting.


Message History

The hobgoblin hits you.
* * * LOW HITPOINT WARNING * * *
The goblin hits you but does no damage. The goblin closely misses you.
The orc closely misses you. The hobgoblin closely misses you.
Robin throws the goblin at you!
Things that are here:
a club; a hobgoblin corpse The goblin barely misses you.
The orc hits you with a short sword.
* * * LOW HITPOINT WARNING * * *
A hobgoblin comes into view. It is wielding a club.
Robin throws the goblin at you!
* * * LOW HITPOINT WARNING * * *
The orc hits you but does no damage. The goblin barely misses you.
The goblin hits you but does no damage. The goblin barely misses you.
You hit the goblin.
The goblin is moderately wounded.
You closely miss the goblin. You hit the hobgoblin but do no damage.
You hit the goblin. You hit the orc. You barely miss the goblin.
The goblin hits you with a dagger.
You die...

..................
..................
............g.....
......))....$.....
.......)[.........
......)...........
......)..g........
.......)og<.......
......(gg@g.......
.....(...gg.......
.........g........
..................
..................
.........)........
..................
.................


You could see Robin, an orc, 3 hobgoblins and 5 goblins.

Vanquished Creatures
  An orc wizard (D:3)
  Natasha (D:3)
  A gnoll (D:1)
  An adder (D:2)
  2 worms (D:2)
  A dart slug (D:2)
  A leopard gecko (D:1)
  6 orcs (D:3)
  4 bats
  8 goblins
  5 hobgoblins
  A kobold (D:2)
  A quokka (D:2)
  4 frilled lizards
  7 rats
44 creatures vanquished.

Notes
Turn   | Place    | Note
-------+----------+-------------------------------------------
     0 | D:1      | Fang the Gargoyle Berserker began the quest for the Orb.
     0 | D:1      | Reached XP level 1. HP: 14/14 MP: 1/1
    51 | D:1      | Reached XP level 2. HP: 12/19 MP: 2/2
   455 | D:1      | Reached XP level 3. HP: 24/24 MP: 3/3
   784 | D:2      | Reached ** piety under Trog
  1036 | D:2      | Found a basalt altar of Yredelemnul.
  1055 | D:2      | Reached XP level 4. HP: 16/29 MP: 4/4
  1336 | D:3      | Noticed Natasha
  1351 | D:3      | Killed Natasha
  1351 | D:3      | Reached XP level 5. HP: 33/33 MP: 5/5
  1353 | D:3      | Noticed Robin
  1366 | D:3      | Slain by a goblin

Skill      XL: |  1  2  3  4 |
---------------+-------------+-----
Axes           | 3 4 |  4.1
Fighting       | 4 |  4.1
Dodging        | 2 |  2.2
Armour         | |  2.4
Stealth        | |  0.6

Action                   |  1- 3 |  4- 6 || total
-------------------------+-------+-------++-------
Melee: Hand axe          |    96 |    24 ||   120
Invok: Berserk           |       |     1 ||     1
  Eat: Chunk             |       |     1 ||     1
Armor: Animal skin       |    26 |    22 ||    48
Dodge: Dodged            |    62 |    29 ||    91
